 Dungeon Crawl Stone Soup version 0.18.1-8-gdd0e5ea (webtiles) character file.

71 Kzard the Shooter (level 4, -4/37 HPs)
             Began as a Centaur Hunter on June 5, 2016.
             Killed from afar by Natasha (6 damage)
             ... with a magic dart
             ... on level 2 of the Dungeon.
             The game lasted 00:05:32 (1436 turns).

Kzard the Shooter (Centaur Hunter)                  Turns: 1436, Time: 00:05:34

Health: -4/37      AC:  7    Str: 14    XL:     4   Next: 5%
Magic:  4/4        EV:  7    Int: 10    God:
Gold:   78         SH:  0    Dex: 11    Spells: 0 memorised, 3 levels left

rFire  . . .     SeeInvis .     b - +0 short sword
rCold  . . .     Gourm    .     m - +0 scale mail
rNeg   . . .     Faith    .     (no shield)
rPois  .         Spirit   .     l - +0 helmet
rElec  .         Dismiss  .     (no cloak)
rCorr  .         Reflect  .     (no gloves)
SustAt .         Harm     .     (no barding)
MR     .....                    (no amulet)
Stlth  ..........               (no ring)
                                (no ring)

@: very quick, not resistant to hostile enchantments, extremely unstealthy
A: hooves 3, deformed body, speed 2, tough skin 3
a: no special abilities


You were on level 2 of the Dungeon.
You were not hungry.

You visited 1 branch of the dungeon, and saw 2 of its levels.

You collected 78 gold pieces.

Inventory:

Hand Weapons
 a - a +1 shortbow
 b - a +0 short sword (weapon)
Missiles
 d - 9 arrows
Armour
 c - a +0 leather armour
 h - a +0 ring mail
 l - a +0 helmet (worn)
 m - a +0 scale mail (worn)
Scrolls
 e - a scroll of amnesia {unknown}
 g - a scroll of remove curse {unknown}
 i - 2 scrolls of identify {unknown}
 j - a scroll of teleportation {unknown}
 p - a scroll of enchant weapon {unknown}
Potions
 n - a potion of degeneration {unknown}
 o - a potion of magic
Comestibles
 f - 2 bread rations
 k - a meat ration


   Skills:
 + Level 2.5 Fighting
 * Level 6.5 Bows
 + Level 2.0 Dodging
 - Level 0.5 Stealth


You had 3 spell levels left.
You didn't know any spells.

Dungeon Overview and Level Annotations

Branches:
Dungeon (2/15)

Altars:
Ashenzari

Annotations:
D:2 Natasha


Innate Abilities, Weirdness & Mutations

You have hooves in place of feet.
Armour fits poorly on your strangely shaped body.
You cover ground very quickly.
You have extremely tough skin (AC +3).


Message History

You closely miss the shadow imp.
The shadow imp is heavily wounded.
Natasha claws you but does no damage. The shadow imp hits you.
* * * LOW HITPOINT WARNING * * *
You hit Natasha but do no damage. Natasha claws you.
* * * LOW HITPOINT WARNING * * *
The shadow imp hits you.
* * * LOW HITPOINT WARNING * * *
Natasha claws you.
* * * LOW HITPOINT WARNING * * *
Your scale mail prevents you from hitting Natasha.
Natasha claws you but does no damage.
You closely miss Natasha. You kick Natasha.
Natasha is lightly wounded.
Natasha claws you.
* * * LOW HITPOINT WARNING * * *
Natasha hisses.
Natasha casts a spell at you. The magic dart hits you!
You die...

###...#...##########.#.
#.....#######...##.#.
#####.........(.(......
#...<........#####.#..)
#............# #...#.
#............# #.....
####.....###.####
####.. #............#
#.. #.##.....@...#
.........
#..######.####
(.....#### ##.....##h#
#...... #####....#
.'..._. ####5# .... ..
#.#..##... #.....(.(
#.#..#⌠.# #....#


You could see Natasha and a shadow imp.

Vanquished Creatures
  Natasha (D:2)
  2 adders (D:2)
  3 bats
  2 giant cockroaches (D:1)
  2 goblins (D:1)
  6 hobgoblins (D:1)
  2 jackals (D:1)
  3 kobolds
  A quokka (D:2)
  2 rats (D:1)
24 creatures vanquished.

Notes
Turn   | Place    | Note
--------------------------------------------------------------
     0 | D:1      | Kzard the Centaur Hunter began the quest for the Orb.
     0 | D:1      | Reached XP level 1. HP: 17/17 MP: 1/1
   280 | D:1      | Reached XP level 2. HP: 24/24 MP: 2/2
   908 | D:2      | Reached skill level 6 in Bows
   908 | D:2      | Reached XP level 3. HP: 27/29 MP: 3/3
   957 | D:2      | Noticed Natasha
   971 | D:2      | Killed Natasha
  1176 | D:2      | Found a shattered altar of Ashenzari.
  1412 | D:2      | Noticed Natasha
  1419 | D:2      | Reached XP level 4. HP: 35/37 MP: 4/4
  1436 | D:2      | Killed from afar by Natasha

Skill      XL: |  1  2  3 |
---------------+----------+-----
Bows           | 6 |  6.5
Dodging        | 2 |  2.0
Fighting       | |  2.5
Stealth        | |  0.5

Action                   |  1- 3 |  4- 6 || total
-------------------------+-------+-------++-------
Melee: Short sword       |    71 |    10 ||    81
       Kick              |     9 |     2 ||    11
 Fire: Shortbow          |    49 |       ||    49
  Use: Potion            |       |     1 ||     1
  Eat: Chunk             |     1 |       ||     1
Armor: Ring mail         |    47 |       ||    47
       Leather armour    |     1 |       ||     1
       Scale mail        |    34 |     7 ||    41
Dodge: Dodged            |    52 |     4 ||    56
